 Dungeon Crawl Stone Soup version 0.27-a0-1557-g57f10a385c (webtiles) character file.

Game seed: 11935487587783209147

13 funkygono the Shield-Bearer (level 2, -3/19 HPs)
             Began as a Gargoyle Fighter on July 16, 2021.
             Slain by a gnoll (4 damage)
             ... on level 1 of the Dungeon.
             The game lasted 00:01:16 (471 turns).

funkygono the Shield-Bearer (Gargoyle Fighter)       Turns: 471, Time: 00:01:18

Health: -3/19      AC:  9    Str: 19    XL:     2   Next: 37%
Magic:  2/2        EV:  5    Int:  8    God:
Gold:   34         SH: 13    Dex:  9    Spells: 1/1 levels left

rFire    . . .     SeeInvis .   a - +0 flail
rCold    . . .     Faith    .   e - +0 tower shield
rNeg     + . .     Spirit   .   b - +0 scale mail
rPois    ∞         Reflect  .   (no helmet)
rElec    +         Harm     .   (no cloak)
rCorr    .         Rampage  .   (no gloves)
Will     .....                  (no boots)
Stlth    ..........             (no amulet)
HPRegen  0.06/turn              (no ring)
MPRegen  0.08/turn              (no ring)

@: no status effects
A: sickness immunity, AC +2, negative energy resistance 1, electricity
resistance, torment resistance 1, petrification resistance
a: no special abilities


You were on level 1 of the Dungeon.
You visited 1 branch of the dungeon, and saw 1 of its levels.

You collected 34 gold pieces.

Inventory:

Hand Weapons
 a - a +0 flail (weapon)
Missiles
 h - 3 boomerangs (quivered)
Armour
 b - a +0 scale mail (worn)
 c - a +0 kite shield
 e - a +0 tower shield (worn)
Magical Staves
 f - a staff of death
Potions
 d - a potion of might
 g - 2 potions of curing {unknown}


   Skills:
 + Level 3.4 Fighting
 + Level 2.1 Maces & Flails
 + Level 3.4 Armour
 + Level 0.5 Stealth
 + Level 3.6 Shields


You had one spell level left.
You didn't know any spells.
Your spell library was empty.

Dungeon Overview and Level Annotations

Branches:
Dungeon (1/15)

Altars:


Innate Abilities, Weirdness & Mutations

You are immune to sickness and miasma.
Your stone body is resilient. (AC +2)
You are immune to poison.
You resist negative energy. (rN+)
You are resistant to electric shocks. (rElec)
You are resistant to unholy torment.
You are immune to petrification.


Message History

The gnoll is almost dead.
The rat barely misses you. The gnoll hits you with a +0 spear.
* * * LOW HITPOINT WARNING * * *
The rat bites you but does no damage. You block the gnoll's attack.
You block the gnoll's attack.
Found 10 gold pieces.
The rat twitches its whiskers.
You see here 10 gold pieces.
There is a large open door here.
There is a large open door here.
There is an open door here.
A giant cockroach comes into view.
Found 16 arrows.
The giant cockroach bites you but does no damage.
The giant cockroach barely misses you. You block the giant cockroach's attack.
The giant cockroach barely misses you.
Found a scroll labelled UTINES MIORR.
Found a potion of might.
You see here 16 arrows.
You block the giant cockroach's attack. The gnoll hits you but does no damage.
You block the giant cockroach's attack. The rat barely misses you.
You thump the rat!
You kill the rat!
You closely miss the giant cockroach. You block the giant cockroach's attack.
The giant cockroach bites you but does no damage.
You block the gnoll's attack.
You closely miss the giant cockroach. The giant cockroach closely misses you.
The gnoll hits you from afar with a +0 spear.
* * * LOW HITPOINT WARNING * * *
The giant cockroach bites you but does no damage.
The gnoll hits you but does no damage.
You hit the giant cockroach.
The giant cockroach is severely wounded.
The giant cockroach completely misses you.
You block the gnoll's attack. The giant cockroach bites you.
* * * LOW HITPOINT WARNING * * *
The gnoll hits you from afar with a +0 spear.
You die...

....#.#.###.. #..#..#.#..#
....#.#...#.### ###..#..#.#..#
...##.#.#.#.#.. ....#..#.#..#
.......)#.#.#.########.##..#.#...
.#.##.#.#.#.#.#.........#..#.##.#
.#.##.....#.#.#.........g..#.##.#
........###.#..............# #.#
.#>...........########.#####. #.#
................@Bg..........##..
#############).#######.##########
##)## #...# #.......##).# #.#..+
. #.......###.######.##.# .
#..................##.#
..###.....................#
.......................#..+
#........#.............####


You could see a gnoll and a giant cockroach.

Vanquished Creatures
  2 bats (D:1)
  An endoplasm (D:1)
  2 goblins (D:1)
  A hobgoblin (D:1)
  3 kobolds (D:1)
  2 rats (D:1)
11 creatures vanquished.

Notes
Turn   | Place    | Note
-------+----------+-------------------------------------------
     0 | D:1      | funkygono the Gargoyle Fighter began the quest for the Orb.
     0 | D:1      | Reached XP level 1. HP: 14/14 MP: 1/1
   267 | D:1      | Reached XP level 2. HP: 17/19 MP: 2/2
   471 | D:1      | Slain by a gnoll

Illustrated notes

Levels and vault maps discovered:
D:1:      dpeg_arrival_simpleton_b, layout_basic,
          amcnicky_mini_rare_corridor_liquid

Action                   || total
-------------------------++-------
Melee: Flail             ||    52
Armor: Scale mail        ||    38
Dodge: Dodged            ||    15
Block: Tower shield      ||    73

Table legend: (Time is in decaauts)
 A = Elapsed time spent in this place.
 B = Non-inter-level travel time spent in this place.
 C = Inter-level travel time spent in this place.
 D = Time resting spent in this place.
 E = Time spent auto-exploring this place.
 F = Levels seen in this place.
 G = Mean time per level.
                   A        B        C        D        E       F      G
               +--------+--------+--------+--------+--------+-----+--------+
         Total |    508 |    508 |      0 |      0 |    242 |   1 |  508.0 |
       Dungeon |    508 |    508 |      0 |      0 |    242 |   1 |  508.0 |
               +--------+--------+--------+--------+--------+-----+--------+

Top non-repeatable levels by time:
     D:1: 508 daAuts
